 Dungeon Crawl Stone Soup version 0.31-a0-175-g9f7f995f2b (webtiles) character file.

Game seed: 12704896251266959751

9837 qw the Cleaver (level 11, -2/71 HPs)
             Began as a Gargoyle Fighter on June 17, 2023.
             Was a High Priest of Okawaru.
             Slain by a troll (7 damage)
             ... on level 10 of the Dungeon.
             The game lasted 00:03:56 (8244 turns).

qw the Cleaver (Gargoyle Fighter)                   Turns: 8244, Time: 00:03:56

Health: -2/71      AC: 34    Str: 23    XL:     11   Next: 52%
Magic:  16/16      EV: 10    Int: 12    God:    Okawaru [*****.]
Gold:   567        SH:  6    Dex:  9    Spells: 10/10 levels left

rFire   + + .        Y - +0 broad axe
rCold   . . .        c - +0 buckler
rNeg    + . .        o - +1 chain mail "Efymm" {Will+ rCorr}
rPois   inf          (no helmet)
rElec   +            (no cloak)
rCorr   +            b - +0 pair of gloves
SInv    +            q - +2 pair of boots
Will    +....        f - amulet of regeneration Stlth
                     g - +4 ring of protection
HPRegen 1.11/turn    t - ring "Wezxinoj" {rF++ AC+4 Int+2 Slay-3 SInv}
MPRegen 0.15/turn

%: no passive effects
@: about to teleport, heroic
A: sickness immunity, AC +8, negative energy resistance 1, electricity
resistance, torment resistance 1, petrification resistance
a: Renounce Religion, Heroism, Finesse, Duel


You were on level 10 of the Dungeon.
You worshipped Okawaru.
Okawaru was extremely pleased with you.
You visited 2 branches of the dungeon, and saw 11 of its levels.

You collected 567 gold pieces.


Innate Abilities, Weirdness & Mutations

You are immune to sickness and miasma.
Your stone body is resilient. (AC +8)
You are immune to poison.
You resist negative energy. (rN+)
You are resistant to electric shocks. (rElec)
You are resistant to unholy torment.
You are immune to petrification.


   Skills:
 - Level 9.0(14.0) Fighting
 + Level 11.6(16.6) Axes
 - Level 1.0(6.0) Throwing
 - Level 6.2(11.2) Armour
 - Level 2.1(7.1) Dodging
 - Level 6.5(11.5) Shields
 + Level 7.0 Invocations


You had 10 spell levels left.
You didn't know any spells.
Your spell library was empty.

Inventory:

Hand Weapons
 e - a +0 flail
 Y - a +0 broad axe (weapon)
Armour
 b - a +0 pair of gloves (worn)
 c - a +0 buckler (worn)
 l - a +0 plate armour
 o - the +1 chain mail "Efymm" (worn) {Will+ rCorr}
   (You found it on level 3 of the Dungeon)

   rCorr:     It protects you from acid and corrosion.
   Will:      It increases your willpower.
 q - a +2 pair of boots (worn)
Jewellery
 f - an amulet of regeneration (around neck)
 g - a +4 ring of protection (left hand)
 s - a +6 ring of dexterity
 t - the ring "Wezxinoj" (right hand) {rF++ AC+4 Int+2 Slay-3 SInv}
   (You found it on level 7 of the Dungeon)

   [ring of protection]

   AC:        It affects your AC (+4).
   Int:       It affects your intelligence (+2).
   Slay:      It affects your accuracy & damage with ranged weapons and melee
   (-3).
   rF:        It greatly protects you from fire.
   SInv:      It lets you see invisible.
Wands
 w - a wand of digging (7)
Scrolls
 j - 3 scrolls of teleportation
 k - a scroll of identify
Potions
 a - 2 potions of magic
 d - 2 potions of might
 h - a potion of haste
 i - a potion of curing
 m - a potion of cancellation {unknown}
 n - a potion of resistance
 p - 2 potions of enlightenment
 r - a potion of mutation {unknown}
 u - a potion of lignification {unknown}
 v - a potion of attraction
 x - a potion of berserk rage {unknown}

Dungeon Overview and Level Annotations

Branches:
Dungeon (10/15)            Temple (1/1) D:6            Lair (0/5) D:10
    Orc: D:9-12

Altars:
Ashenzari
Cheibriados
Dithmenos
Elyvilon
Fedhas
Gozag
Hepliaklqana
Kikubaaqudgha
Makhleb
Nemelex Xobeh
Okawaru
Qazlal
Ru
Sif Muna
Trog
Uskayaw
Vehumet
Wu Jian
Xom
Yredelemnul
Zin
The Shining One

Annotations:
D:6 3 runed translucent doors, qw's ghost, novice GrHu


Message History

You block the troll's attack. The troll claws you but does no damage.
The orc wizard hits you but does no damage.
The orc warrior closely misses you.
8241 ||| READING 4 scrolls of teleportation.
As you read the scroll of teleportation, it crumbles to dust.
You feel strangely unstable. You block the deep troll's attack.
The deep troll closely misses you. You block the deep troll's attack.
The troll closely misses you. The troll misses you.
The troll claws you but does no damage.
The orc wizard hits you but does no damage.
The orc warrior hits you but does no damage.
You slash the deep troll!
The deep troll is severely wounded.
You hit the orc wizard. You barely miss the troll.
You barely miss the orc warrior.
The deep troll bites you but does no damage.
The deep troll barely misses you.
The deep troll claws you but does no damage.
The troll bites you but does no damage. You block the troll's attack.
The troll claws you but does no damage. You block the orc wizard's attack.
You barely miss the deep troll.
The deep troll is severely wounded.
You closely miss the orc warrior. You barely miss the orc wizard.
You slash the troll!
The orc warrior hits you but does no damage.
The troll barely misses you. You block the troll's attack. x2
The orc wizard hits you but does no damage.
The deep troll bites you. You block the deep troll's attack.
The deep troll closely misses you.
You closely miss the deep troll.
The deep troll is severely wounded.
You slash the orc wizard!
You kill the orc wizard!
Okawaru accepts your kill.
You slash the troll! You closely miss the orc warrior.
The orc warrior hits you with a +0 dire flail.
The deep troll bites you but does no damage.
The deep troll claws you but does no damage.
The deep troll claws you. The troll closely misses you. The troll claws you!
You die...

#.. #.. #...~ .
#####..####
.~..~ .
.......#..##..~.
# .......#..
...# #
.......#.##..# #
.......#.#.~#
#...%#T#
#...#@T#
#...#)o#
#...#.#y.
#...#.#$.#
.######...#.# .#
..........#.. [.
..........##. ..
#.....%...#. #..
+.........#


You could see a deep troll, a troll, an orc warrior and a killer bee.

Vanquished Creatures
  A two-headed ogre (D:7)
  A boulder beetle (D:7)
  Pikel (D:7)
  A manticore (D:8)
  An ugly thing (D:10)
  A cyclops (D:7)
  Maggie (D:7)
  2 komodo dragons
  A troll (D:10)
  A hornet (D:10)
  A wyvern (D:10)
  3 shadows
  12 yaks
  A vampire mosquito (D:7)
  A steam dragon (D:7)
  Menkaure (D:6)
  2 acid dragons
  A sky beast (D:7)
  4 ice beasts
  3 orc warriors
  A black bear (D:7)
  An ogre (D:5)
  4 centaurs
  3 lemures (D:7)
  A phantom (D:6)
  7 bullfrogs
  2 scorpions
  5 wights (D:6)
  5 killer bees (D:10)
  2 howler monkeys
  3 orc priests
  A hound (D:7)
  2 jellies
  A gnoll bouda (D:7)
  An iguana (D:6)
  Ijyb (D:5)
  6 orc wizards
  6 gnolls
  4 adders
  A shadow imp (D:5)
  A white imp (D:5)
  3 ufetubi
  A worm (D:2)
  2 dart slugs
  20 orcs
  9 ball pythons
  6 bats
  9 endoplasms
  2 giant cockroaches
  5 hobgoblins
  4 kobolds
  3 quokkas
  3 frilled lizards
  5 goblins
  6 rats
176 creatures vanquished.

Vanquished Creatures (others)
  An unseen horror (D:7)
1 creature vanquished.

Grand Total: 177 creatures vanquished

Notes
Turn   | Place    | Note
-------+----------+-------------------------------------------
     0 | D:1      | qw the Gargoyle Fighter began the quest for the Orb.
     0 | D:1      | Reached XP level 1. HP: 14/14 MP: 1/1
     0 | D:1      | 0 ||| qw: Version: 0.3-a-2-g5ab2908
     0 | D:1      | 0 ||| qw: Game counter: 373
     0 | D:1      | 0 ||| qw: Always use a shield: true
     0 | D:1      | 0 ||| qw: God list: Okawaru
     0 | D:1      | 0 ||| qw: Allow faded altars: false
     0 | D:1      | 0 ||| qw: Do Orc after D:15 true
     0 | D:1      | 0 ||| qw: Do second Lair branch before Depths: true
     0 | D:1      | 0 ||| qw: Lair rune preference: random
     0 | D:1      | 0 ||| qw: Plans: Normal, Zot:1-4, Slime:5, God:TSO, Crypt,
                  | Tomb, Abyss, Pan, Hells, Win
     0 | D:1      | 0 ||| PLANNING D:1-11
    65 | D:1      | Reached skill level 2 in Axes
    72 | D:1      | 72 ||| Stepping ~*~*~tactically~*~*~ (stealth).
   107 | D:1      | Reached XP level 2. HP: 19/19 MP: 2/2
   589 | D:1      | 589 ||| Stepping ~*~*~tactically~*~*~ (stealth).
   591 | D:1      | 591 ||| Stepping ~*~*~tactically~*~*~ (stealth).
   598 | D:1      | 598 ||| Stepping ~*~*~tactically~*~*~ (stealth).
   616 | D:1      | Reached skill level 3 in Axes
   758 | D:1      | 758 ||| DROPPING orb of wrath.
   759 | D:1      | 759 ||| READING scroll labelled OPAPLYREHO.
   770 | D:1      | 770 ||| READING scroll labelled ZEUT PAYPS.
   786 | D:2      | Reached XP level 3. HP: 23/23 MP: 3/3
   939 | D:2      | 939 ||| FLEEEEING.
   940 | D:2      | 940 ||| FLEEEEING.
   941 | D:2      | 941 ||| FLEEEEING.
   942 | D:2      | 942 ||| FLEEEEING.
   943 | D:2      | 943 ||| FLEEEEING.
   944 | D:2      | 944 ||| FLEEEEING.
  1016 | D:2      | 1016 ||| DROPPING +0 club.
  1138 | D:2      | 1138 ||| Stepping ~*~*~tactically~*~*~ (hiding).
  1140 | D:2      | 1140 ||| Stepping ~*~*~tactically~*~*~ (hiding).
  1142 | D:2      | 1142 ||| Stepping ~*~*~tactically~*~*~ (hiding).
  1143 | D:2      | 1143 ||| Stepping ~*~*~tactically~*~*~ (hiding).
  1147 | D:2      | Reached skill level 1 in Throwing
  1626 | D:2      | 1626 ||| UPGRADING to amulet of regeneration.
  1631 | D:2      | 1631 ||| UPGRADING to +4 ring of protection.
  1632 | D:2      | 1632 ||| READING scroll labelled CUCAAT LIASA.
  1633 | D:2      | 1633 ||| READING scroll labelled POPTEO ECUCA.
  1634 | D:2      | 1634 ||| READING scroll labelled YDOPLO CIEHU.
  1767 | D:3      | 1767 ||| Stepping ~*~*~tactically~*~*~ (stealth).
  1780 | D:3      | Reached XP level 4. HP: 24/28 MP: 4/4
  1955 | D:3      | Identified the +1 chain mail "Efymm" {Will+ rCorr}
  2331 | D:3      | 2331 ||| UPGRADING to +0 pair of boots.
  2336 | D:3      | 2336 ||| UPGRADING to +1 chain mail "Efymm" {Will+ rCorr}.
  2346 | D:3      | 2346 ||| DROPPING +0 scale mail.
  2347 | D:3      | 2347 ||| UPGRADING to +1 pair of boots.
  2357 | D:3      | 2357 ||| DROPPING +0 pair of boots.
  2358 | D:3      | 2358 ||| READING scroll labelled TEANINW SEYQE.
  2359 | D:3      | 2359 ||| READING scroll labelled QOVVICI PIJI.
  2362 | D:3      | 2362 ||| DRINKING 2 fuming pink potions.
  2363 | D:3      | 2363 ||| READING 2 scrolls of identify.
  2363 | D:3      | 2363 ||| IDENTIFYING black potion
  2489 | D:4      | You fall into a shaft and drop 2 floors!
  2493 | D:6      | Noticed an orc warrior
  2506 | D:6      | HP: 7/28 [orc warrior/+0 hand axe (5)]
  2507 | D:6      | Killed an orc warrior
  2508 | D:6      | Reached skill level 4 in Axes
  2508 | D:6      | Reached XP level 5. HP: 10/32 MP: 5/5
  2509 | D:6      | Reached skill level 5 in Axes
  2512 | D:6      | HP: 6/32 [orc priest/divine providence (10)]
  2517 | D:6      | Reached XP level 6. HP: 10/38 MP: 6/6
  2544 | D:6      | 2544 ||| DROPPING +0 mace.
  2618 | D:6      | Found a staircase to the Ecumenical Temple.
  2619 | D:6      | 2619 ||| PLANNING TEMPLE
  2620 | D:6      | Noticed an ice beast
  2622 | D:6      | 2622 ||| Stepping ~*~*~tactically~*~*~ (stealth).
  2623 | D:6      | Noticed Menkaure
  2624 | D:6      | 2624 ||| Stepping ~*~*~tactically~*~*~ (hiding).
  2625 | D:6      | 2625 ||| Stepping ~*~*~tactically~*~*~ (hiding).
  2640 | D:6      | Killed an ice beast
  2641 | D:6      | Killed Menkaure
  2642 | D:6      | Reached skill level 6 in Axes
  2642 | D:6      | Reached XP level 7. HP: 13/44 MP: 7/7
  2679 | Temple   | Entered the Ecumenical Temple
  2729 | Temple   | 2729 ||| PLANNING OKAWARU WORSHIP
  2877 | Temple   | Became a worshipper of Warmaster Okawaru
  2878 | Temple   | 2878 ||| PLANNING D:1-11
  2924 | D:6      | Reached skill level 1 in Dodging
  2933 | D:6      | Identified the +0 leather armour of Hairiness {Rampage Fly
                  | Int+2 Dex-2}
  3275 | D:6      | Reached skill level 7 in Axes
  3289 | D:6      | Reached XP level 8. HP: 41/49 MP: 8/8
  3290 | D:6      | Reached * piety under Okawaru
  3301 | D:5      | Entered Level 5 of the Dungeon
  3394 | D:4      | Found an ancient bone altar of Kikubaaqudgha.
  3452 | D:4      | 3452 ||| Stepping ~*~*~tactically~*~*~ (stealth).
  3453 | D:4      | 3453 ||| Stepping ~*~*~tactically~*~*~ (stealth).
  3457 | D:4      | 3457 ||| Stepping ~*~*~tactically~*~*~ (stealth).
  3458 | D:4      | 3458 ||| Stepping ~*~*~tactically~*~*~ (stealth).
  3545 | D:4      | Reached skill level 1 in Invocations
  3792 | D:4      | 3792 ||| Stepping ~*~*~tactically~*~*~ (stealth).
  3863 | D:4      | 3863 ||| READING 3 scrolls labelled WYLEET SURPHYS.
  3864 | D:4      | 3864 ||| DROPPING 2 scrolls of immolation.
  3916 | D:5      | 3916 ||| INVOKING Heroism.
  3969 | D:5      | Noticed Ijyb
  3970 | D:5      | 3970 ||| FLEEEEING.
  3976 | D:5      | 3976 ||| FLEEEEING.
  3977 | D:5      | 3977 ||| FLEEEEING.
  3978 | D:5      | 3978 ||| FLEEEEING.
  3981 | D:5      | 3981 ||| STAIRDANCE
  3983 | D:4      | 3983 ||| READING scroll labelled JOESCH RIOXT.
  3986 | D:5      | 3986 ||| INVOKING Heroism.
  3991 | D:5      | Killed Ijyb
  3992 | D:5      | Reached skill level 8 in Axes
  4165 | D:5      | Reached skill level 3 in Invocations
  4356 | D:5      | 4356 ||| READING scroll of enchant armour.
  4356 | D:5      | 4356 ||| ENCHANTING +1 pair of boots.
  4441 | D:5      | 4441 ||| READING 2 scrolls of identify.
  4441 | D:5      | 4441 ||| IDENTIFYING grey potion
  4442 | D:5      | 4442 ||| DROPPING potion of brilliance.
  4516 | D:6      | Found a runed translucent gate.
  4517 | D:6      | Found a runed translucent gate.
  4518 | D:6      | Found a runed translucent gate.
  4519 | D:6      | Found an opulent altar of Gozag.
  4520 | D:6      | Noticed qw's ghost (novice GrHu)
  4521 | D:6      | Noticed a yak
  4927 | D:6      | 4927 ||| UPGRADING to +0 pair of gloves.
  4932 | D:6      | 4932 ||| DRINKING 2 smoky ruby potions.
  4992 | D:7      | Noticed Maggie
  4994 | D:7      | 4994 ||| Stepping ~*~*~tactically~*~*~ (hiding).
  5007 | D:7      | 5007 ||| INVOKING Heroism.
  5011 | D:7      | Killed Maggie
  5011 | D:7      | Reached ** piety under Okawaru
  5012 | D:7      | Reached XP level 9. HP: 39/57 MP: 9/12
  5040 | D:7      | 5040 ||| SWAPPING to +0 broad axe.
  5051 | D:7      | 5051 ||| DROPPING +0 war axe of freezing.
  5083 | D:7      | Identified the ring "Wezxinoj" {rF++ AC+4 Int+2 Slay-3
                  | SInv}
  5098 | D:7      | Noticed Pikel
  5099 | D:7      | 5099 ||| Stepping ~*~*~tactically~*~*~ (stealth).
  5100 | D:7      | 5100 ||| Stepping ~*~*~tactically~*~*~ (stealth).
  5137 | D:7      | 5137 ||| Stepping ~*~*~tactically~*~*~ (hiding).
  5142 | D:7      | 5142 ||| INVOKING Heroism.
  5159 | D:7      | 5159 ||| Stepping ~*~*~tactically~*~*~ (stealth).
  5268 | D:7      | 5268 ||| Stepping ~*~*~tactically~*~*~ (stealth).
  5271 | D:7      | 5271 ||| INVOKING Heroism.
  5293 | D:7      | Killed Pikel
  5294 | D:7      | Reached skill level 9 in Axes
  5550 | D:7      | Noticed a two-headed ogre
  5550 | D:7      | Noticed a cyclops
  5550 | D:7      | Noticed a boulder beetle
  5551 | D:7      | 5551 ||| INVOKING Heroism.
  5563 | D:7      | Killed a two-headed ogre
  5563 | D:7      | Reached *** piety under Okawaru
  5564 | D:7      | Reached skill level 6 in Shields
  5564 | D:7      | Reached XP level 10. HP: 50/63 MP: 11/13
  5571 | D:7      | 5571 ||| INVOKING Heroism.
  5572 | D:7      | Killed a boulder beetle
  5573 | D:7      | Reached skill level 6 in Armour
  5595 | D:7      | 5595 ||| UPGRADING to ring "Wezxinoj" {rF++ AC+4 Int+2
                  | Slay-3 SInv}.
  5595 | D:7      | Noticed an unseen horror
  5596 | D:7      | 5596 ||| DRINKING 2 fuming brown potions.
  5603 | D:7      | 5603 ||| INVOKING Heroism.
  5603 | D:7      | Killed an unseen horror
  5616 | D:7      | Killed a cyclops
  5617 | D:7      | Reached skill level 10 in Axes
  5646 | D:7      | Identified the +10 rapier of Doom {venom, rPois}
  5721 | D:7      | 5721 ||| DROPPING ring of see invisible.
  5722 | D:7      | 5722 ||| READING scroll labelled JATEMNU NUGHIMP.
  5723 | D:7      | 5723 ||| READING 3 scrolls of identify.
  5723 | D:7      | 5723 ||| IDENTIFYING sedimented black potion
  5724 | D:7      | 5724 ||| READING 2 scrolls of identify.
  5724 | D:7      | 5724 ||| IDENTIFYING bubbling yellow potion
  5725 | D:7      | 5725 ||| DROPPING potion of invisibility.
  5970 | D:8      | 5970 ||| INVOKING Heroism.
  5991 | D:8      | 5991 ||| INVOKING Heroism.
  6090 | D:8      | 6090 ||| DRINKING 2 sedimented emerald potions.
  6194 | D:8      | 6194 ||| INVOKING Heroism.
  6263 | D:8      | 6263 ||| READING scroll labelled DOADDE XUCZING.
  6715 | D:8      | Noticed a manticore
  6716 | D:8      | 6716 ||| INVOKING Heroism.
  6722 | D:8      | Killed a manticore
  6723 | D:8      | Reached skill level 11 in Axes
  6790 | D:8      | 6790 ||| Stepping ~*~*~tactically~*~*~ (stealth).
  6820 | D:8      | Reached **** piety under Okawaru
  7413 | D:9      | Found a white marble altar of Elyvilon.
  7436 | D:9      | Reached XP level 11. HP: 68/68 MP: 14/14
  7448 | D:9      | 7448 ||| FLEEEEING.
  7449 | D:9      | 7449 ||| FLEEEEING.
  7450 | D:9      | 7450 ||| FLEEEEING.
  7500 | D:9      | 7500 ||| INVOKING Heroism.
  7736 | D:9      | 7736 ||| Stepping ~*~*~tactically~*~*~ (hiding).
  7747 | D:9      | 7747 ||| INVOKING Heroism.
  7770 | D:9      | Reached skill level 9 in Fighting
  7902 | D:9      | 7902 ||| DROPPING ring of flight.
  7903 | D:9      | 7903 ||| READING scroll labelled POYDUR GAJARI.
  7934 | D:10     | Entered Level 10 of the Dungeon
  7956 | D:10     | 7956 ||| Stepping ~*~*~tactically~*~*~ (hiding).
  7957 | D:10     | 7957 ||| Stepping ~*~*~tactically~*~*~ (hiding).
  7958 | D:10     | 7958 ||| Stepping ~*~*~tactically~*~*~ (hiding).
  7986 | D:10     | Found a staircase to the Lair.
  8138 | D:10     | 8138 ||| INVOKING Heroism.
  8148 | D:10     | Reached skill level 6 in Invocations
  8171 | D:10     | 8171 ||| INVOKING Heroism.
  8192 | D:10     | 8192 ||| Stepping ~*~*~tactically~*~*~ (stealth).
  8214 | D:10     | 8214 ||| INVOKING Heroism.
  8216 | D:10     | Noticed a deep troll
  8218 | D:10     | Noticed a white ugly thing
  8225 | D:10     | Reached ***** piety under Okawaru
  8233 | D:10     | Killed a white ugly thing
  8240 | D:10     | HP: 16/71 [deep troll (10)]
  8240 | D:10     | HP: 7/71 [deep troll (9)]
  8241 | D:10     | 8241 ||| READING 4 scrolls of teleportation.
  8244 | D:10     | Slain by a troll

Levels and vault maps discovered:
D:1:      dpeg_arrival_renting, layout_basic
D:2:      layout_basic
D:3:      layout_loops_cross
D:4:      layout_loops_ring, nicolae_kikubaaqudgha_miasma_corner,
          nrook_mini_backslash
D:5:      layout_rooms, uniq_ijyb
D:6:      layout_loops_corners, minmay_temple_entry_large_hall,
          ebering_ghost_gozag, corexii_shack, uniq_menkaure
D:7:      minmay_the_grid_triangle_9x9_rhombus_thin
          [minmay_the_grid_triangle_9x9_descending_squares,
          minmay_the_grid_triangle_9x9_prize_top_heavy,
          minmay_the_grid_triangle_9x9_corrupted_corridor,
          minmay_the_grid_triangle_9x9_thin_v], layout_cave_pools,
          nicolae_letterblocks [nicolae_letter_subblock,
          nicolae_letter_subblock, nicolae_letter_subblock,
          nicolae_letter_subblock, nicolae_letter_subblock,
          nicolae_letter_subblock, nicolae_letter_subblock,
          nicolae_letter_subblock, nicolae_letter_subblock,
          nicolae_letter_subblock, nicolae_letter_subblock,
          nicolae_letter_subblock, nicolae_letter_subblock,
          nicolae_letter_subblock, nicolae_letter_subblock,
          nicolae_letter_subblock, nicolae_letter_subblock,
          nicolae_letter_subblock, nicolae_letter_subblock,
          nicolae_letter_subblock, nicolae_letter_subblock,
          nicolae_letter_subblock, nicolae_letter_subblock,
          nicolae_letter_subblock, nicolae_letter_subblock], uniq_pikel,
          uniq_maggie
D:8:      layout_layer_cave, serial_co_window_serial, co_window_corner_a,
          co_window_of_opportunity_a, co_window_paths_a, co_window_corner_a,
          co_window_cross_1, co_window_corner_b, co_window_corner_ca,
          co_window_2corner, co_window_broadway_a, co_window_paths_c,
          co_window_corner_b, co_window_2corner, co_window_paths_d,
          glass_columns_c, glass_columns_c, glass_columns_b, glass_columns_a,
          glass_columns_c
D:9:      layout_cave_pools, mainiacjoe_overflow_catwalk
D:10:     minmay_cut_squares, layout_irregular_city, lair_entry_dummy,
          david_orc_4, nzn_random_ring
Temple:   nicolae_temple_bog_church

Skill      XL: |  1  2  3  4  5  6  7  8  9 10 11 |
---------------+----------------------------------+-----
Axes           | 2 3 4 5 6 7 8 9 11 | 11.6
Throwing       | 1 |  1.0
Fighting       | 4 5 7 8 9 |  9.0
Dodging        | 1 2 |  2.1
Invocations    | 4 7 |  7.0
Armour         | 4 6 |  6.2
Shields        | 6 |  6.5

Action                     |  1- 3 |  4- 6 |  7- 9 | 10-12 || total
---------------------------+-------+-------+-------+-------++-------
  Melee: War axe           |    76 |    70 |   118 |       ||   264
         Broad axe         |       |       |    88 |   283 ||   371
  Throw: Javelin           |    44 |    15 |     4 |       ||    63
         Boomerang         |       |       |       |     7 ||     7
 Invoke: Heroism           |       |       |     6 |    11 ||    17
    Use: Scroll            |     5 |     3 |     4 |     6 ||    18
         Potion            |       |     1 |     1 |     2 ||     4
 Armour: Scale mail        |    45 |    15 |       |       ||    60
         Chain mail        |       |    35 |   135 |   209 ||   379
  Dodge: Dodged            |    36 |    39 |    79 |   147 ||   301
  Block: Buckler           |     5 |     8 |    43 |    88 ||   144

Table legend:
 A = Non-vault XP
 B = Vault XP
 C = Vault XP percentage of total XP
 D = Non-vault monster count
 E = Vault monster count
 F = Vault count percentage of total count
                 A         B        C        D         E       F
            +---------+---------+-------+---------+---------+-------
      Total |    7825 |    6264 |  44.5 |     147 |      26 |  15.0
            +---------+---------+-------+---------+---------+-------
        D:1 |      33 |       0 |   0.0 |      23 |       0 |   0.0
        D:2 |      29 |       0 |   0.0 |      13 |       0 |   0.0
        D:3 |      39 |       0 |   0.0 |      18 |       0 |   0.0
        D:4 |     202 |       0 |   0.0 |      14 |       0 |   0.0
        D:5 |     348 |      36 |   9.4 |      10 |       1 |   9.1
        D:6 |    1175 |     174 |  12.9 |      19 |       2 |   9.5
        D:7 |     727 |    3958 |  84.5 |       7 |      14 |  66.7
        D:8 |    2466 |       0 |   0.0 |      17 |       0 |   0.0
        D:9 |    2009 |       0 |   0.0 |      19 |       0 |   0.0
       D:10 |     797 |    2096 |  72.5 |       7 |       9 |  56.2
            +---------+---------+-------+---------+---------+-------
